Map: [ESL] Cosmic Sapphire

Players

Namshar - Winner!

  • Race: Zerg Zerg
  • Spawn Location: 11:00

Bioice

  • Race: Zerg Zerg
  • Spawn Location: 5:00

Event: DreamHack SC2 Masters 2022 Atlanta (Online)

VOD

Have the link to the VOD?

Description

Time

  • Played on: Oct. 4, 2022, 3:14 p.m.
  • Length: 14:40

All games in this series

Show
View Real Time Build Order
Export as new Build Order

Namshar Zerg - Winner!

Build Orders: Hatch First 

Get SALT Encoding   

  12  0:00  Drone  
  13  0:12  Overlord  
  13  0:17  Drone  
  14  0:30  Drone x2  
  16  0:47  Hatchery  
  15  0:50  Drone  
  15  0:54  Drone  
  17  0:57  Drone  
  18  1:08  Extractor  
  17  1:12  Spawning Pool  
  17  1:16  Drone  
  17  1:18  Drone  
  18  1:28  Drone  
  19  1:38  Drone  
  20  1:49  Drone  
  21  1:59  Queen x2, Drone, Overlord  
  26  2:09  Drone  
  26  2:11  Metabolic Boost  
  26  2:14  Drone  
  28  2:20  Zergling x2  
  28  2:21  Drone  
  30  2:31  Drone  
  30  2:32  Drone  
  30  2:35  Hatchery  
  31  2:42  Zergling x2  
  31  2:43  Zergling x2  
  33  2:49  Baneling Nest  
  32  2:54  Overlord  
  32  2:56  Drone  
  33  3:09  Drone x3  
  35  3:14  Zergling x6  
  35  3:15  Zergling x2  
  39  3:23  Overlord, Evolution Chamber  
  39  3:24  Drone x2  
  40  3:30  Queen  
  40  3:33  Baneling x2  
  42  3:40  Overlord  
  42  3:44  Drone x5  
  46  3:59  Zergling x2, Drone x4  
  50  4:05  Zerg Missile Weapons Level 1  
  50  4:07  Extractor  
  50  4:08  Extractor  
  50  4:09  Roach Warren  
  47  4:12  Zergling x2  
  47  4:13  Zergling x4  
  47  4:15  Baneling  
  47  4:20  Baneling x2  
  46  4:24  Overlord  
  45  4:31  Zergling x2  
  45  4:32  Zergling x10  
  50  4:38  Drone  
  50  4:39  Drone x2  
  53  4:48  Overlord x2  
  53  4:59  Roach x6  
  65  5:05  Overlord  
  65  5:10  Roach x2  
  69  5:19  Roach x4  
  75  5:27  Drone x3  
  75  5:28  Drone x2  
  75  5:36  Drone  
  75  5:37  Drone x4  
  80  5:48  Drone  
  80  5:49  Drone x2  
  83  5:56  Lair  
  83  5:59  Zerg Ground Armor Level 1, Drone x3  
  83  6:00  Extractor  
  84  6:04  Ravager  
  84  6:06  Ravager  
  84  6:08  Drone x2  
  84  6:09  Drone  
  84  6:10  Drone x5  
  83  6:12  Roach  
  83  6:20  Roach x3, Spine Crawler  
  83  6:22  Roach  
  83  6:24  Roach  
  83  6:25  Roach  
  80  6:27  Roach  
  80  6:31  Spine Crawler  
  81  6:36  Overlord  
  81  6:37  Roach x2  
  85  6:42  Roach x3  
  91  6:51  Roach x3  
  92  6:57  Roach x5  
  98  7:04  Spore Crawler  
  98  7:06  Spore Crawler  
  98  7:07  Spore Crawler, Overlord  
  98  7:08  Queen x2  
  98  7:13  Overlord x2  
  98  7:15  Drone  
  101  7:21  Drone x2  
  103  7:23  Queen  
  103  7:26  Overlord x3  
  105  7:31  Overlord x2  
  105  7:33  Glial Reconstitution  
  105  7:42  Drone  
  106  7:44  Spore Crawler  
  106  7:45  Drone x2  
  106  7:46  Extractor  
  106  7:47  Drone  
  106  7:48  Drone  
  106  7:49  Queen  
  106  7:50  Drone  
  111  7:52  Zerg Missile Weapons Level 2  
  111  7:55  Overlord  
  111  7:59  Drone x3  
  111  8:01  Roach x3  
  120  8:15  Roach x6  
  132  8:26  Ravager x3  
  135  8:29  Drone, Extractor  
  135  8:30  Drone  
  135  8:33  Overlord x2  
  136  8:38  Roach  
  136  8:39  Roach x4  
  136  8:40  Hatchery  
  146  8:49  Extractor  
  146  8:51  Queen  
  145  9:08  Roach x8  
  145  9:09  Overlord  
  161  9:10  Overlord x3  
  161  9:15  Ravager  
  162  9:30  Queen  
  162  9:35  Roach x2  
  162  9:36  Roach x9  
  182  9:39  Tunneling Claws  
  182  9:40  Burrow  
  182  9:43  Infestation Pit  
  182  9:44  Ravager  
  182  9:45  Hydralisk Den, Ravager  
  182  9:53  Drone x7  
  189  10:10  Spore Crawler, Zerg Ground Armor Level 2  
  188  10:15  Evolution Chamber  
  188  10:17  Extractor  
  188  10:18  Spore Crawler, Extractor  
  184  10:21  Grooved Spines  
  184  10:23  Hive  
  184  10:24  Lurker Den  
  184  10:26  Roach x3  
  181  10:40  Ravager  
  181  10:41  Ravager x2  
  181  10:42  Roach  
  186  10:57  Roach x11  
  178  11:03  Roach x27  
  180  11:08  Drone x3  
  183  11:14  Drone  
  183  11:15  Drone x2  
  186  11:19  Hydralisk x7  
  183  11:32  Muscular Augments  
  177  11:45  Zerg Missile Weapons Level 3  
  177  11:47  Seismic Spines  
  174  11:49  Lurker  
  174  11:50  Lurker  
  174  11:56  Hydralisk x3  
  156  12:10  Hydralisk  
  156  12:11  Roach x12  
  182  12:25  Roach x9  
  192  12:44  Adaptive Talons  
  172  12:46  Hydralisk  
  172  12:47  Roach x9  
  172  12:48  Roach x10  
  177  12:59  Hydralisk, Roach  
  177  13:00  Roach x5  
  189  13:13  Roach x5  
  187  13:20  Roach x11  
  181  13:27  Roach x10  
  189  13:43  Roach x7  
  183  13:50  Roach x2  
  177  13:57  Roach x3  
  177  14:02  Roach x8  
  165  14:10  Roach x4  
  155  14:18  Roach x4  
Show
View Real Time Build Order
Export as new Build Order

Bioice Zerg 

Build Orders: Hatch First 

Get SALT Encoding   

  12  0:00  Drone  
  13  0:12  Overlord  
  13  0:16  Drone  
  14  0:31  Drone x2  
  16  0:48  Hatchery  
  15  0:52  Drone  
  15  0:55  Drone  
  17  0:58  Drone  
  18  1:06  Extractor  
  17  1:13  Spawning Pool  
  17  1:16  Drone  
  17  1:19  Drone  
  18  1:30  Drone  
  19  1:42  Drone  
  20  1:49  Drone  
  21  2:00  Queen  
  21  2:01  Queen  
  23  2:03  Drone, Overlord  
  26  2:12  Zergling x2  
  26  2:13  Metabolic Boost, Drone  
  28  2:23  Drone x2  
  30  2:35  Drone x2  
  32  2:40  Hatchery  
  31  2:47  Baneling Nest  
  31  2:51  Zergling x4  
  31  2:56  Overlord  
  32  2:58  Drone  
  33  3:12  Drone x4  
  36  3:16  Queen  
  36  3:17  Drone  
  39  3:21  Drone x2  
  39  3:26  Zergling x2  
  42  3:33  Lair  
  42  3:34  Evolution Chamber  
  42  3:36  Baneling x2  
  42  3:38  Zergling x2  
  42  3:39  Zergling x2  
  42  3:41  Zergling x2  
  43  3:49  Baneling x2  
  43  3:53  Zergling x2  
  43  3:54  Zergling x4  
  45  4:00  Drone x4  
  45  4:01  Drone  
  50  4:09  Overlord  
  50  4:16  Extractor x2  
  47  4:17  Overlord x2  
  47  4:19  Drone  
  47  4:21  Roach Warren  
  47  4:23  Drone  
  47  4:24  Drone  
  48  4:26  Overlord  
  48  4:32  Drone  
  48  4:33  Drone x2  
  48  4:35  Overlord  
  50  4:43  Drone  
  50  4:44  Drone x4  
  55  4:51  Drone  
  55  4:52  Drone x3  
  59  4:59  Spire  
  58  5:01  Overlord  
  58  5:04  Roach  
  60  5:09  Roach x2  
  60  5:13  Roach x2  
  67  5:21  Roach x3  
  65  5:28  Roach x2  
  63  5:32  Zergling x2  
  63  5:33  Zergling x2  
  65  5:44  Drone x3  
  65  5:47  Roach  
  72  5:50  Roach  
  72  5:52  Roach x3  
  72  5:55  Roach  
  78  6:02  Roach x2  
  72  6:22  Mutalisk  
  72  6:24  Drone x9  
  75  6:26  Queen  
  75  6:28  Queen  
  79  6:33  Drone, Mutalisk  
  79  6:39  Drone x2  
  82  6:49  Mutalisk x2  
  82  6:59  Drone x6  
  82  7:05  Mutalisk  
  84  7:09  Hatchery  
  84  7:10  Drone x3  
  84  7:14  Zerg Missile Weapons Level 1  
  86  7:22  Overlord  
  86  7:25  Drone x4  
  86  7:26  Extractor  
  86  7:27  Extractor  
  88  7:30  Mutalisk  
  88  7:35  Drone  
  88  7:36  Drone x4, Extractor  
  94  7:37  Drone x3  
  94  7:38  Drone  
  94  7:43  Drone  
  99  7:49  Mutalisk  
  101  7:51  Glial Reconstitution, Overlord  
  101  7:55  Overlord x2  
  101  7:59  Drone x2  
  101  8:00  Drone x2  
  105  8:05  Extractor  
  105  8:06  Drone  
  105  8:08  Evolution Chamber  
  105  8:09  Roach  
  105  8:10  Roach x3  
  112  8:19  Roach x5  
  122  8:29  Roach x3  
  122  8:31  Overlord x4  
  128  8:38  Zerg Ground Armor Level 1  
  128  8:43  Overlord x2  
  128  8:56  Roach x13  
  154  9:03  Overlord  
  154  9:08  Roach x6  
  166  9:11  Queen  
  168  9:25  Overlord x2  
  168  9:26  Overlord x2  
  168  9:32  Roach  
  168  9:33  Roach x7  
  168  9:38  Zerg Missile Weapons Level 2  
  182  9:40  Roach  
  184  9:46  Roach  
  184  9:47  Roach x5  
  184  9:48  Ravager x4  
  190  10:37  Roach x5  
  198  10:49  Roach  
  200  10:50  Roach  
  161  11:03  Roach x24  
  180  11:08  Zerg Ground Armor Level 2  
  180  11:10  Roach x4  
  188  11:12  Overseer  
  188  11:15  Roach x2  
  192  11:20  Roach  
  192  11:21  Roach  
  192  11:22  Roach  
  196  11:26  Overseer  
  196  11:27  Roach  
  196  11:31  Roach x2  
  182  11:36  Roach x2  
  172  11:40  Roach x12  
  190  11:51  Roach x4  
  198  12:01  Roach x4  
  156  12:10  Roach x14  
  183  12:15  Ravager  
  183  12:16  Ravager x3  
  183  12:20  Roach x2  
  188  12:29  Overseer  
  186  12:33  Hatchery, Roach x6  
  186  12:34  Ravager x3  
  157  12:51  Roach x13  
  176  12:55  Roach  
  178  13:03  Roach x6  
  184  13:09  Roach x6  
  184  13:11  Roach  
  181  13:14  Roach x2  
  181  13:19  Roach x3  
  169  13:23  Roach  
  169  13:31  Overlord  
  169  13:32  Overseer, Roach x5  
  169  13:33  Overseer  
  179  13:34  Roach  
  179  13:35  Roach x3  
  179  13:36  Overlord x2  
  171  13:42  Queen  
  171  13:45  Roach x3  
  155  13:51  Roach  
  155  13:52  Roach x2  
  157  13:55  Roach  
  128  14:03  Roach x3  
  128  14:07  Roach  
  119  14:13  Roach  
  98  14:18  Roach  
Tags
 
Add a new tag
Caveats
  • Supply blocks, unpowered buildings, or Contaminate may cause inaccurate times.
  • Supply counts are checked every 10 seconds.